 Dungeon Crawl Stone Soup version 0.28.0 (webtiles) character file.

Game seed: 6426502968540707008

13182 Iich the Bludgeoner (level 11, -3/99 HPs)
             Began as a Minotaur Berserker on Feb 15, 2022.
             Was a High Priest of Trog.
             Slain by an eight-headed hydra (13 damage)
             ... on level 12 of the Dungeon.
             The game lasted 00:25:41 (13734 turns).

Iich the Bludgeoner (Minotaur Berserker)           Turns: 13734, Time: 00:25:41

Health: -3/99      AC: 17    Str: 33    XL:     11   Next: 72%
Magic:  10/10      EV: 10    Int:  4    God:    Trog [*****.]
Gold:   357        SH:  0    Dex: 15    Spells: 10/10 levels left

rFire   . . .      SeeInvis .   L - +0 eveningstar
rCold   . . .      Faith    .   (no shield)
rNeg    . . .      Spirit   .   n - +1 plate armour
rPois   .          Reflect  .   (helmet restricted)
rElec   .          Harm     .   j - scarf {shadows}
rCorr   .          Rampage  .   H - +0 pair of gloves
Will    .....                   (no boots)
Stlth   ..........              J - amulet of regeneration
HPRegen 1.06/turn               M - +6 ring of strength
MPRegen 0.12/turn               V - +6 ring of dexterity

@: on berserk cooldown, slowed, very slow
A: horns 2, retaliatory headbutt
a: Renounce Religion, Berserk, Trog's Hand, Brothers in Arms


You were on level 12 of the Dungeon.
You worshipped Trog.
Trog was extremely pleased with you.
You visited 1 branch of the dungeon, and saw 12 of its levels.
You also visited: Ossuary.

You collected 573 gold pieces.
You spent 216 gold pieces at shops.

Inventory:

Hand Weapons
 a - a +0 mace
 f - a +0 morningstar of protection
 k - a +0 club
 l - a +0 war axe
 w - a +1 vorpal dire flail
 L - a +0 eveningstar (weapon)
 Q - the +7 Spriggan's Knife {stab, EV+4 Stlth+}
   (You took it off an orc on level 10 of the Dungeon)

   It is more effective when stabbing unaware enemies, treating them as though
   they were completely helpless.
   EV:        It affects your evasion (+4).
   Stlth:     It makes you more stealthy.
Missiles
 c - 10 boomerangs
 d - 48 poisoned darts (quivered)
 S - 3 boomerangs of dispersal
Armour
 b - a +0 animal skin
 g - a +0 scale mail
 j - a scarf of shadows (worn)
 n - a +1 plate armour (worn)
 y - the +6 scale mail "Ittorriroi" {rF+ rCorr Int+3 Dex-5}
   (You took it off an orc on level 5 of the Dungeon)

   Int:       It affects your intelligence (+3).
   Dex:       It affects your dexterity (-5).
   rF:        It protects you from fire.
   rCorr:     It protects you from acid and corrosion.
 H - a +0 pair of gloves (worn)
 K - +0 acid dragon scales
Jewellery
 J - an amulet of regeneration (around neck)
 M - a +6 ring of strength (left hand)
 V - a +6 ring of dexterity (right hand)
 W - a +6 ring of strength
 X - a ring of magical power
Wands
 s - a wand of flame (39)
 I - a wand of paralysis (14)
 N - a wand of acid (9)
 P - a wand of iceblast (8)
Scrolls
 m - a scroll of summoning
 o - a scroll of amnesia
 p - a scroll of holy word
 t - 3 scrolls of teleportation
 z - 2 scrolls of magic mapping
 A - 2 scrolls of blinking {unknown}
 C - 4 scrolls of immolation
 G - 4 scrolls of identify
 O - a scroll of vulnerability {unknown}
 R - a scroll of fear {unknown}
 T - a scroll of enchant weapon {unknown}
 Z - a scroll of torment {unknown}
Potions
 e - 4 potions of attraction
 h - a potion of lignification {unknown}
 i - a potion of flight
 q - 6 potions of curing
 r - a potion of degeneration {unknown}
 u - a potion of resistance {unknown}
 v - 3 potions of brilliance
 x - 2 potions of magic {unknown}
 B - a potion of haste {unknown}
 D - 4 potions of heal wounds
 E - a potion of berserk rage {unknown}
 F - a potion of might {unknown}
 Y - a potion of mutation {unknown}
Miscellaneous
 U - a tin of tremorstones (2/2)


   Skills:
 + Level 10.0 Fighting
 - Level 5.6(11.9) Axes
 * Level 16.1(16.5) Maces & Flails
 + Level 2.1 Throwing
 + Level 11.2 Armour
 + Level 3.1 Dodging
 + Level 1.1 Stealth


You had 10 spell levels left.
You didn't know any spells.
Your spell library was empty.

Dungeon Overview and Level Annotations

Branches:
Dungeon (12/15)            Temple (0/1) D:7            Lair (0/6) D:10
Ossuary (visited)
    Orc: D:9-12

Altars:
Elyvilon
Okawaru

Shops:
D:2 (   D:4 !   D:9 [


Innate Abilities, Weirdness & Mutations

You have a pair of horns on your head.
You reflexively headbutt those who attack you in melee.


Message History

The eight-headed hydra bites you but does no damage.
The eight-headed hydra barely misses you.
The eight-headed hydra bites you but does no damage.
The eight-headed hydra bites you.
* * * LOW HITPOINT WARNING * * *
The eight-headed hydra bites you but does no damage.
The orc wizard hits you but does no damage.
You sock the eight-headed hydra!
The eight-headed hydra is moderately wounded.
The troll bites you.
* * * LOW HITPOINT WARNING * * *
The troll barely misses you. The troll claws you but does no damage.
The eight-headed hydra misses you. The eight-headed hydra bites you.
* * * LOW HITPOINT WARNING * * *
The eight-headed hydra bites you.
* * * LOW HITPOINT WARNING * * *
The eight-headed hydra closely misses you.
The eight-headed hydra completely misses you.
The eight-headed hydra bites you but does no damage. x2
The eight-headed hydra closely misses you.
The orc wizard casts a spell at you.
The magic dart hits you but does no damage.
You feel a strong urge to attack something.
The troll bites you but does no damage. The troll claws you!
* * * LOW HITPOINT WARNING * * *
The troll completely misses you.
You feel your anger nearly subside.
You are no longer berserk.
You are exhausted.
You feel yourself slow down. The troll barely misses you.
The troll claws you but does no damage. x2
The eight-headed hydra bites you.
* * * LOW HITPOINT WARNING * * *
The eight-headed hydra barely misses you.
The eight-headed hydra closely misses you.
The eight-headed hydra bites you.
* * * LOW HITPOINT WARNING * * *
The eight-headed hydra bites you.
* * * LOW HITPOINT WARNING * * *
The eight-headed hydra misses you. The eight-headed hydra bites you!
You die...

..........###..###
...........##..##
#..............###
#.............##
............##
#..........##
###.........##
#..........##
#.@D...##
#..Too.##
##..oo..##
####)...# #o..#..#
#..###... ...#
#... ...## #..
.... ..


You could see an eight-headed hydra, a troll, an orc priest, 2 orc wizards and
an orc.

Vanquished Creatures
  A boulder beetle (D:12)
  Erica (D:8)
  5 two-headed ogres
  Pikel (D:5)
  An ugly thing (D:9)
  Joseph (D:7)
  A gargoyle (D:11)
  2 kobold demonologists
  4 trolls
  A hornet (D:9)
  Prince Ribbit (D:8)
  A vampire (D:11)
  A shadow (D:11)
  A wraith (D:12)
  Sigmund (D:6)
  7 yaks
  Eustachio (D:6)
  Menkaure (D:5)
  3 wargs (D:10)
  An acid dragon (D:8)
  3 orc warriors
  2 sky beasts
  An ice beast (D:7)
  A black bear (D:6)
  5 ogres
  A necrophage (D:6)
  2 lemures (D:5)
  Blork the orc (D:5)
  4 kobold brigands
  A wyvern zombie (D:8)
  6 scorpions
  A wyvern skeleton (D:7)
  5 wights
  7 howler monkeys
  3 centaur zombies
  8 orc priests
  2 gnoll shamans
  2 iguanas
  13 orc wizards
  Terence (D:2)
  A mummy (Ossuary)
  A howler monkey zombie (D:8)
  Robin (D:2)
  8 gnolls
  6 adders
  A white imp (D:6)
  An adder skeleton (D:4)
  2 worms
  4 dart slugs
  42 orcs
  2 spectral bats (Ossuary)
  3 ball pythons
  2 bats
  7 endoplasms
  5 giant cockroaches
  12 gnoll zombies (Ossuary)
  14 goblins
  5 hobgoblins
  18 kobolds
  2 quokkas
  3 frilled lizards
  3 goblin simulacra (Ossuary)
  6 goblin zombies (Ossuary)
  3 hobgoblin zombies (Ossuary)
  3 kobold simulacra (Ossuary)
  5 kobold zombies
  5 orc zombies (Ossuary)
  3 rats
  5 rat simulacra (Ossuary)
  4 spectral goblins (Ossuary)
  6 spectral kobolds (Ossuary)
  4 spectral rats (Ossuary)
292 creatures vanquished.

Notes
Turn   | Place    | Note
-------+----------+-------------------------------------------
     0 | D:1      | Iich the Minotaur Berserker began the quest for the Orb.
     0 | D:1      | Reached XP level 1. HP: 19/19 MP: 0/0
     6 | D:1      | Noticed a redback
     6 | D:1      | Noticed a komodo dragon
     6 | D:1      | Noticed a swamp drake
     7 | D:1      | Noticed a black bear
     7 | D:1      | Noticed a swamp worm
   288 | D:1      | Reached XP level 2. HP: 27/27 MP: 1/1
   308 | D:1      | Reached skill level 4 in Maces & Flails
   826 | D:1      | Reached XP level 3. HP: 27/33 MP: 2/2
  1175 | D:2      | Reached ** piety under Trog
  1190 | D:2      | Reached skill level 1 in Throwing
  1210 | D:2      | Identified the +1 helmet of Prudence {Will+ Str+4}
  1210 | D:2      | Noticed Robin
  1243 | D:2      | Killed Robin
  1249 | D:2      | Reached XP level 4. HP: 32/41 MP: 3/3
  1484 | D:2      | Found Zide's Antique Weapon Shoppe.
  1668 | D:2      | Found a white marble altar of Elyvilon.
  1679 | D:2      | Found a faded altar of an unknown god.
  1752 | D:2      | Noticed Terence
  1758 | D:2      | Killed Terence
  1759 | D:2      | Reached skill level 1 in Axes
  2532 | D:4      | Noticed an ogre
  2537 | D:4      | HP: 2/61 [ogre (22)]
  2538 | D:4      | Killed an ogre
  2539 | D:4      | Reached XP level 5. HP: 2/47 MP: 4/4
  2944 | D:4      | Found Qead's Distillery.
  2951 | D:4      | Bought a potion of heal wounds for 55 gold pieces
  3320 | D:4      | Reached XP level 6. HP: 48/53 MP: 5/5
  3524 | D:4      | Found an iron altar of Okawaru.
  3937 | D:5      | Entered Level 5 of the Dungeon
  3941 | D:5      | Reached skill level 5 in Axes
  4012 | D:5      | Noticed Blork the orc
  4021 | D:5      | Killed Blork the orc
  4022 | D:5      | Reached skill level 5 in Fighting
  4022 | D:5      | Reached XP level 7. HP: 41/61 MP: 6/6
  4231 | D:5      | Noticed Menkaure
  4243 | D:5      | Killed Menkaure
  4244 | D:5      | Reached skill level 5 in Maces & Flails
  4244 | D:5      | Reached skill level 5 in Armour
  4550 | D:5      | Noticed Pikel
  4565 | D:5      | Killed Pikel
  4566 | D:5      | Reached skill level 6 in Maces & Flails
  4566 | D:5      | Reached XP level 8. HP: 62/70 MP: 7/7
  4576 | D:5      | Identified the +6 scale mail "Ittorriroi" {rF+ rCorr Int+3
                  | Dex-5}
  4940 | D:5      | Identified the +1 leather armour of Inference {rPois}
  5806 | D:2      | Bought a runed morningstar for 161 gold pieces
  5991 | D:6      | Noticed Sigmund
  6003 | D:6      | Killed Sigmund
  6004 | D:6      | Reached skill level 7 in Maces & Flails
  6164 | D:6      | Found a sand-covered staircase.
  6176 | Ossuary  | Entered an ossuary
  6660 | Ossuary  | Reached *** piety under Trog
  6942 | Ossuary  | Reached **** piety under Trog
  7050 | D:6      | Reached skill level 8 in Maces & Flails
  7163 | D:6      | Noticed Eustachio
  7171 | D:6      | Killed Eustachio
  7189 | D:6      | Reached skill level 9 in Maces & Flails
  7189 | D:6      | Reached XP level 9. HP: 50/78 MP: 8/8
  8126 | D:6      | Reached skill level 10 in Maces & Flails
  8335 | D:7      | Noticed Joseph
  8344 | D:7      | Killed Joseph
  8636 | D:7      | Reached skill level 11 in Maces & Flails
  9188 | D:7      | Found a staircase to the Ecumenical Temple.
  9351 | D:7      | Noticed a two-headed ogre
  9357 | D:7      | Killed a two-headed ogre
  9358 | D:7      | Reached skill level 12 in Maces & Flails
  9358 | D:7      | Reached XP level 10. HP: 70/88 MP: 9/9
  9629 | D:8      | Noticed Prince Ribbit
  9638 | D:8      | Killed Prince Ribbit
 10266 | D:8      | Noticed Erica
 10278 | D:8      | Killed Erica
 10279 | D:8      | Reached skill level 13 in Maces & Flails
 11008 | D:9      | Found Ibbumoeb's Antique Armour Shoppe.
 11364 | D:9      | Noticed a brown ugly thing
 11372 | D:9      | Killed a brown ugly thing
 11500 | D:9      | Paralysed by a hornet for 1 turns
 11778 | D:10     | Entered Level 10 of the Dungeon
 11935 | D:10     | Noticed a two-headed ogre
 11940 | D:10     | Killed a two-headed ogre
 11941 | D:10     | Reached skill level 14 in Maces & Flails
 11941 | D:10     | Reached skill level 1 in Stealth
 11964 | D:10     | Reached skill level 10 in Armour
 12041 | D:10     | Noticed a two-headed ogre
 12046 | D:10     | Killed a two-headed ogre
 12148 | D:10     | Reached XP level 11. HP: 88/95 MP: 10/10
 12193 | D:10     | Found a staircase to the Lair.
 12827 | D:11     | Noticed a two-headed ogre
 12829 | D:11     | Reached ***** piety under Trog
 12830 | D:11     | Noticed a two-headed ogre
 12837 | D:11     | Killed a two-headed ogre
 12838 | D:11     | Reached skill level 15 in Maces & Flails
 12840 | D:11     | Killed a two-headed ogre
 13550 | D:12     | Reached skill level 16 in Maces & Flails
 13665 | D:12     | Noticed a boulder beetle
 13684 | D:12     | Killed a boulder beetle
 13685 | D:12     | Reached skill level 10 in Fighting
 13719 | D:12     | Noticed an eight-headed hydra
 13734 | D:12     | Slain by an eight-headed hydra

Illustrated notes

Levels and vault maps discovered:
D:1:      onia_arrival_zoo_common, layout_basic
D:2:      minmay_angry_zag, layout_basic, basic_altar, basic_ecumenical_altar,
          serial_shops, shop, uniq_terence, uniq_robin
D:3:      layout_rooms
D:4:      wad_pebble_path, layout_cave_pods, okawaru_trees_1, serial_shops,
          shop_statue
D:5:      layout_loops_ring, uniq_pikel, uniq_menkaure, uniq_blork_the_orc
D:6:      black_bear_nest_2, layout_loops_ring, enter_ossuary_3,
          minmay_hedge_maze, uniq_sigmund, uniq_eustachio
D:7:      layout_gridville, temple_green, hex_medium, uniq_joseph
D:8:      kennysheep_spiral_hall, layout_gridville, uniq_erica,
          uniq_prince_ribbit1
D:9:      layout_stronghold, serial_shops,
          nicolae_shop_temple_entry_statues_fountains, due_unseen_surprise
D:10:     layout_roguey, erik_lair_orcish_takeover
D:11:     layout_roguey
D:12:     layout_cave_pods, orc_0_dummy

Skill      XL: |  1  2  3  4  5  6  7  8  9 10 11 |
---------------+----------------------------------+-----
Fighting       | 4 5 6 7 8 10 | 10.0
Maces & Flails | 4 6 9 12 14 16 | 16.1
Throwing       | 1 2 |  2.1
Axes           | 3 4 5 |  5.6
Armour         | 3 4 7 9 10 11 | 11.2
Dodging        | 3 |  3.1
Stealth        | 1 |  1.1

Action                   |  1- 3 |  4- 6 |  7- 9 | 10-12 || total
-------------------------+-------+-------+-------+-------++-------
Melee: Mace              |    53 |     2 |       |       ||    55
       Headbutt          |     7 |    11 |    58 |    42 ||   118
       War axe           |       |    72 |       |       ||    72
       Punch             |       |     2 |     2 |     1 ||     5
       Dire flail        |       |       |    57 |       ||    57
       Morningstar       |       |       |   256 |    21 ||   277
       Eveningstar       |       |       |       |   213 ||   213
Throw: Boomerang         |    12 |       |       |       ||    12
       Dart              |    23 |       |       |     3 ||    26
Invok: Berserk           |     1 |     4 |     7 |     5 ||    17
  Use: Potion            |       |       |     6 |     1 ||     7
       Scroll            |       |       |     8 |     1 ||     9
Armor: Scale mail        |    23 |     5 |       |       ||    28
       Animal skin       |     3 |       |       |       ||     3
       Plate armour      |       |    38 |   258 |   122 ||   418
Dodge: Dodged            |    35 |    36 |   135 |   112 ||   318
